 Dungeon Crawl Stone Soup version 0.23-a0-577-g2b1de94 (webtiles) character file.

88 gruber the Insei (level 4, -1/34 HPs)
             Began as a Gnoll Transmuter on Dec 15, 2018.
             Slain by a worker ant (3 damage)
             ... on level 2 of the Dungeon.
             The game lasted 00:01:49 (1416 turns).

gruber the Insei (Gnoll Transmuter)                 Turns: 1416, Time: 00:01:50

Health: -1/34      AC:  2    Str: 10 (13) XL:     4   Next: 54%
Magic:  10/11      EV: 14    Int: 13 (16) God:
Gold:   43         SH:  0    Dex: 12 (15) Spells: 3/13 levels left

rFire    . . .     SeeInvis .     - Unarmed
rCold    . . .     Gourm    .   (no shield)
rNeg     . . .     Faith    .   b - +0 robe
rPois    .         Spirit   .   (no helmet)
rElec    .         Reflect  .   (no cloak)
rCorr    .         Harm     .   (no gloves)
MR       .....                  (no boots)
Stlth    ++........             (no amulet)
HPRegen  0.11/turn              (no ring)
MPRegen  0.12/turn              (no ring)

@: lethally poisoned (-1 -> -11), appendage, very slightly contaminated
A: distributed training, fangs 1, horns 2, strong nose
a: End Transformation


You were on level 2 of the Dungeon.
You were not hungry.
You had grown temporary horns.
You visited 1 branch of the dungeon, and saw 2 of its levels.

You collected 43 gold pieces.

Inventory:

Missiles
 a - 12 arrows
 g - 82 stones (quivered)
Armour
 b - a +0 robe (worn)
Jewellery
 j - an uncursed ring of fire
Scrolls
 c - 3 scrolls of identify {unknown}
 e - a scroll of immolation {unknown}
 h - a scroll of noise {unknown}
 i - a scroll of remove curse {unknown}
Potions
 l - a potion of flight {unknown}
Comestibles
 d - 3 rations
 k - 2 chunks of flesh


   Skills:
 + Level 2.7 Fighting
 + Level 1.1 Short Blades
 + Level 1.1 Long Blades
 + Level 1.1 Axes
 + Level 1.1 Maces & Flails
 + Level 1.1 Polearms
 + Level 1.1 Staves
 + Level 1.1 Slings
 + Level 1.1 Bows
 + Level 1.1 Crossbows
 + Level 1.1 Throwing
 + Level 1.1 Armour
 + Level 4.6 Dodging
 + Level 1.1 Stealth
 + Level 1.1 Shields
 + Level 6.6 Unarmed Combat
 + Level 5.1 Spellcasting
 + Level 0.9 Conjurations
 + Level 0.9 Hexes
 + Level 0.9 Charms
 + Level 0.9 Summonings
 + Level 0.9 Necromancy
 + Level 0.9 Translocations
 + Level 3.8 Transmutations
 + Level 0.9 Fire Magic
 + Level 0.9 Ice Magic
 + Level 0.9 Air Magic
 + Level 0.9 Earth Magic
 + Level 0.9 Poison Magic
 + Level 1.2 Invocations
 + Level 1.1 Evocations


You had 3 spell levels left.
You knew the following spells:

 Your Spells              Type           Power        Failure   Level  Hunger
a - Beastly Appendage     Tmut           ##....       3%          1    None
b - Sticks to Snakes      Tmut           ##......     6%          2    ##.....
c - Spider Form           Tmut/Pois      #.........   21%         3    ###....
d - Ice Form              Ice/Tmut       #.......     56%         4    ####...

Your spell library contained the following spells:

 Spells                   Type           Power        Failure   Level  Hunger
 Blade Hands              Tmut           ##........   71%         5    ######.


Dungeon Overview and Level Annotations

Branches:
Dungeon (2/15)

Altars:


Innate Abilities, Weirdness & Mutations

Your experience applies equally to all skills.
You have very sharp teeth.
Your uncanny sense of smell can sniff out nearby items.
You have a pair of horns on your head.


Message History

You are too injured to fight recklessly!
You are too injured to fight recklessly!
You punch the worker ant!
You bite the worker ant, but do no damage.
The worker ant is almost dead.
* * * LOW HITPOINT WARNING * * *
You feel sick. The worker ant barely misses you.
You hit the worker ant but do no damage.
The worker ant is almost dead.
* * * LOW HITPOINT WARNING * * *
You feel sick.
The worker ant bites you but does no damage.
Unknown command.
Unknown command.
It was a potion of degeneration.
There was something very wrong with that liquid.
You feel weakened.
You feel dopey.
You feel clumsy.
* * * LOW HITPOINT WARNING * * *
You feel sick. The worker ant bites you.
You die...

#######.###...#.###
#.# #.##........##
#.#
#..........#.#####.#
#####..#.#.........#
##.#.###.#######
#.##...## #.#####
#.# #@# #a# #.# #.#
#.# ... ... ...


You could see a worker ant.

Vanquished Creatures
  5 adders (D:2)
  A worm (D:2)
  A leopard gecko (D:1)
  7 bats
  2 giant cockroaches (D:2)
  9 goblins
  4 hobgoblins
  2 kobolds
  A frilled lizard (D:2)
  9 rats
41 creatures vanquished.

Notes
Turn   | Place    | Note
-------+----------+-------------------------------------------
     0 | D:1      | gruber the Gnoll Transmuter began the quest for the Orb.
     0 | D:1      | Reached XP level 1. HP: 17/17 MP: 6/6
    78 | D:1      | Reached XP level 2. HP: 22/23 MP: 5/7
   602 | D:1      | Reached XP level 3. HP: 28/28 MP: 7/9
   774 | D:2      | Reached skill level 5 in Spellcasting
   833 | D:2      | Reached skill level 1 in Invocations
   838 | D:2      | Reached skill level 1 in Short Blades
   838 | D:2      | Reached skill level 1 in Long Blades
   838 | D:2      | Reached skill level 1 in Axes
   838 | D:2      | Reached skill level 1 in Maces & Flails
   838 | D:2      | Reached skill level 1 in Polearms
   838 | D:2      | Reached skill level 1 in Staves
   838 | D:2      | Reached skill level 1 in Slings
   838 | D:2      | Reached skill level 1 in Bows
   838 | D:2      | Reached skill level 1 in Crossbows
   838 | D:2      | Reached skill level 1 in Throwing
   838 | D:2      | Reached skill level 1 in Armour
   838 | D:2      | Reached skill level 1 in Stealth
   838 | D:2      | Reached skill level 1 in Shields
   838 | D:2      | Reached skill level 1 in Evocations
  1083 | D:2      | Reached XP level 4. HP: 30/34 MP: 11/11
  1087 | D:2      | Learned a level 2 spell: Sticks to Snakes
  1091 | D:2      | Learned a level 3 spell: Spider Form
  1096 | D:2      | Learned a level 4 spell: Ice Form
  1416 | D:2      | Slain by a worker ant

Vault maps used:
D:1:      dpeg_arrival_chase
D:2:      nicolae_dithmenos_through_a_glass_darkly,
          nicolae_tso_swordbearing_angel, vehumet_crystals, uniq_jessica

Skill      XL: |  1  2  3 |
---------------+----------+-----
Spellcasting   | 5 |  5.1
Invocations    | 1 |  1.2
Short Blades   | 1 |  1.1
Long Blades    | 1 |  1.1
Axes           | 1 |  1.1
Maces & Flails | 1 |  1.1
Polearms       | 1 |  1.1
Staves         | 1 |  1.1
Slings         | 1 |  1.1
Bows           | 1 |  1.1
Crossbows      | 1 |  1.1
Throwing       | 1 |  1.1
Armour         | 1 |  1.1
Stealth        | 1 |  1.1
Shields        | 1 |  1.1
Evocations     | 1 |  1.1
Fighting       | |  2.7
Dodging        | |  4.6
Unarmed Combat | |  6.6
Conjurations   | |  0.9
Hexes          | |  0.9
Charms         | |  0.9
Summonings     | |  0.9
Necromancy     | |  0.9
Translocations | |  0.9
Transmutations | |  3.8
Fire Magic     | |  0.9
Ice Magic      | |  0.9
Air Magic      | |  0.9
Earth Magic    | |  0.9
Poison Magic   | |  0.9

Action                   |  1- 3 |  4- 6 || total
-------------------------+-------+-------++-------
Melee: Unarmed           |    58 |    41 ||    99
       Kick              |     2 |     2 ||     4
       Headbutt          |     3 |     2 ||     5
       Bite              |     3 |     7 ||    10
       Punch             |     1 |     3 ||     4
 Cast: Beastly Appendage |    12 |     7 ||    19
  Use: Potion            |       |     1 ||     1
 Stab: Sleeping          |       |     1 ||     1
  Eat: Chunk             |       |     2 ||     2
Armor: Robe              |     6 |    14 ||    20
Dodge: Dodged            |    36 |    28 ||    64

Table legend:
 A = Non-vault XP
 B = Vault XP
 C = Vault XP percentage of total XP
 D = Non-vault monster count
 E = Vault monster count
 F = Vault count percentage of total count
                 A         B        C        D         E       F
            +---------+---------+-------+---------+---------+-------
      Total |     127 |       0 |   0.0 |      41 |       0 |   0.0
            +---------+---------+-------+---------+---------+-------
        D:1 |      35 |       0 |   0.0 |      21 |       0 |   0.0
        D:2 |      92 |       0 |   0.0 |      20 |       0 |   0.0
            +---------+---------+-------+---------+---------+-------
